 Dungeon Crawl Stone Soup version 0.29.1-2-gbd0b4ee654 (webtiles) character file.

Game seed: 14250307386217030782

7 croobank the Caller (level 1, -2/7 HPs)
             Began as a Felid Summoner on Nov 8, 2022.
             Slain by a quokka (5 damage)
             ... on level 1 of the Dungeon.
             The game lasted 00:01:28 (454 turns).

croobank the Caller (Felid Summoner)                 Turns: 454, Time: 00:01:29

Health: -2/7       AC:  1    Str:  4    XL:     1   Next: 91%
Magic:  4/4        EV: 17    Int: 16    God:
Gold:   0          SH:  0    Dex: 16    Spells: 3/4 levels left
                                        Lives:  0   Deaths: 0

rFire   . . .      SeeInvis +   (weapon unavailable)
rCold   . . .      Faith    .   (shield unavailable)
rNeg    . . .      Spirit   .   (body armour unavailable)
rPois   .          Reflect  .   (helmet unavailable)
rElec   .          Harm     .   (cloak unavailable)
rCorr   .          Rampage  .   (gloves unavailable)
Will    .....                   (boots unavailable)
Stlth   ++........              b - amulet of magic regeneration
HPRegen 0.02/turn               (no ring)
MPRegen 0.49/turn               (no ring)

@: quick
A: very small, claws 1, fangs 3, see invisible, speed 1, shaggy fur 1, stealthy
paws, no weapons or thrown items, no armour, multi-lived
a: no special abilities


You were on level 1 of the Dungeon.
You visited 1 branch of the dungeon, and saw 1 of its levels.

Inventory:

Jewellery
 b - an amulet of magic regeneration (around neck)
Scrolls
 d - a scroll of blinking {unknown}
Potions
 a - a potion of magic
 c - a potion of curing {unknown}


   Skills:
 + Level 3.0 Dodging
 + Level 3.0 Stealth
 + Level 2.1 Spellcasting
 + Level 4.1 Summonings


You had 3 spell levels left.
You knew the following spells:

 Your Spells              Type           Power      Damage    Failure   Level
a - Summon Small Mammal   Summ           56%        N/A       3%          1

Your spell library contained the following spells:

 Spells                   Type           Power      Damage    Failure   Level
 Call Imp                 Summ           14%        N/A       6%          2
 Call Canine Familiar     Summ           14%        N/A       12%         3
 Summon Guardian Golem    Hex/Summ       8%         N/A       26%         3
 Summon Lightning Spire   Summ/Air       8%         N/A       65%         4


Dungeon Overview and Level Annotations

Branches:
Dungeon (1/15)

Altars:


Innate Abilities, Weirdness & Mutations

You have sharp claws.
You have razor-sharp teeth.
You have supernaturally acute eyesight. (SInv)
You cover ground quickly. (Speed+)
You are covered in fur. (AC +1)
Your paws help you pounce on unaware monsters.
You are incapable of wielding weapons or throwing items.
You cannot wear armour.
You gain extra lives every three experience levels.


Message History

Your bat closely misses the quokka.
Your bat hits the hobgoblin but does no damage.
The endoplasm closely misses your bat.
Your bat closely misses the quokka.
Casting: Summon Small Mammal (safe; 3% risk of failure)
Confirm with . or Enter, or press ? or * to list all spells.
The quokka barely misses you. The hobgoblin hits your bat.
Found a spear.
Your bat closely misses the hobgoblin.
The hobgoblin misses your bat.
Your bat closely misses the hobgoblin.
Found 4 boomerangs.
Your bat closely misses the hobgoblin.
The hobgoblin closely misses your bat.
A kobold comes into view. It is wielding a +0 club.
Casting: Summon Small Mammal (safe; 3% risk of failure)
Confirm with . or Enter, or press ? or * to list all spells.
The kobold shouts!
Your bat disappears in a puff of smoke!
The quokka misses you.
You barely miss the quokka. The quokka barely misses you.
You closely miss the quokka. The quokka bites you.
Your rat bites the quokka.
You barely miss the quokka.
The quokka is lightly wounded.
The quokka completely misses you.
Your rat misses the quokka.
A goblin comes into view. It is wielding a +0 dagger.
The quokka closely misses you.
You scratch the quokka but do no damage.
You bite the quokka, but do no damage.
The quokka is lightly wounded.
Your rat misses the quokka. The quokka bites you. The hobgoblin hits your rat.
Your rat dies!
Your rat's corpse disappears in a puff of smoke!
The kobold barely misses your rat.
You scratch the quokka but do no damage.
Your bite misses the quokka.
The quokka is lightly wounded.
The quokka completely misses you. The kobold barely misses your rat.
You scratch the quokka.
The quokka is almost dead.
The quokka bites you.
Ouch! That really hurt!
You die...

#.##..............
#.##.........#.###
#h##..).....##.##
#K##........#...##
#.##........#.#[##
#J###########...#.
#g# ##.... #r#
###.. #@# ##...
#r# . #.... )K#
.....#.. .(..
..##.... ...g# #
##... .....# ####
....... ........


You could see an endoplasm, a quokka (ally target), a jackal, a hobgoblin, a
goblin, 2 kobolds and a friendly rat (summoned).

Vanquished Creatures
  A hobgoblin (D:1)
  A goblin (D:1)
2 creatures vanquished.

Vanquished Creatures (collateral kills)
  A ball python (D:1)
  A goblin (D:1)
  A hobgoblin (D:1)
  A kobold (D:1)
4 creatures vanquished.

Grand Total: 6 creatures vanquished

Notes
Turn   | Place    | Note
-------+----------+-------------------------------------------
     0 | D:1      | croobank the Felid Summoner began the quest for the Orb.
     0 | D:1      | Reached XP level 1. HP: 7/7 MP: 4/4
   454 | D:1      | Slain by a quokka

Illustrated notes

Levels and vault maps discovered:
D:1:      dpeg_arrival_round_b, layout_rooms, wad_floor_pattern_1

Skill      XL: |  1 |
---------------+----+-----
Stealth        | 3 |  3.0
Dodging        | 3 |  3.0
Spellcasting   | |  2.1
Summonings     | |  4.1

Action                   || total
-------------------------++-------
Melee: Unarmed           ||     9
       Bite              ||     1
 Cast: Summon Small Mamm ||    12
Dodge: Dodged            ||    13
